 Dungeon Crawl Stone Soup version 0.28-a0-1555-g9ae15a6949 (webtiles) character file.

Game seed: 5583741866753164624

297 Hasart the Sneak (level 6, -7/32 HPs)
             Began as a Kobold Enchanter on Jan 18, 2022.
             Mangled by Edmund (9 damage)
             ... on level 4 of the Dungeon.
             The game lasted 00:05:24 (3169 turns).

Hasart the Sneak (Kobold Enchanter)                 Turns: 3169, Time: 00:05:24

Health: -7/32      AC:  3    Str: 10    XL:     6   Next: 62%
Magic:  10/10      EV: 16    Int: 16    God:
Gold:   101        SH:  0    Dex: 21    Spells: 6/11 levels left

rFire   . . .      SeeInvis +   j - +7 rapier "Roowitia" {venom, rC+ Str+4 Int-2 SInv}
rCold   + . .      Faith    .   (no shield)
rNeg    . . .      Spirit   .   b - +0 robe
rPois   .          Reflect  .   (no helmet)
rElec   .          Harm     .   (no cloak)
rCorr   .          Rampage  .   i - +0 pair of gloves
Will    .....                   (no boots)
Stlth   ++++......              (no amulet)
HPRegen 0.10/turn               a - +6 ring of dexterity
MPRegen 0.12/turn               (no ring)

@: no status effects
A: small, no large weapons, nightstalker 3
a: no special abilities


You were on level 4 of the Dungeon.
You visited 1 branch of the dungeon, and saw 4 of its levels.

You collected 101 gold pieces.

Inventory:

Hand Weapons
 e - a +0 dagger of venom
 j - the +7 rapier "Roowitia" (weapon) {venom, rC+ Str+4 Int-2 SInv}
   (You found it on level 3 of the Dungeon)

   It poisons the flesh of those it strikes.
   Str:       It affects your strength (+4).
   Int:       It affects your intelligence (-2).
   rC:        It protects you from cold.
   SInv:      It lets you see invisible.
Missiles
 s - 5 poisoned darts (quivered)
Armour
 b - a +0 robe (worn)
 i - a +0 pair of gloves (worn)
Jewellery
 a - a +6 ring of dexterity (left hand)
Wands
 r - a wand of flame (11)
Scrolls
 f - 3 scrolls of identify {unknown}
 g - 2 scrolls of teleportation {unknown}
 h - a scroll of magic mapping {unknown}
 o - a scroll of vulnerability {unknown}
 q - 3 scrolls of torment {unknown}
Potions
 c - a potion of invisibility
 d - 2 potions of mutation {unknown}
 k - a potion of lignification {unknown}
 l - a potion of haste {unknown}
 m - 2 potions of might {unknown}
 n - a potion of ambrosia {unknown}
 p - a potion of berserk rage {unknown}


   Skills:
 * Level 4.5 Short Blades
 + Level 0.2 Throwing
 + Level 3.7 Dodging
 + Level 5.3 Stealth
 + Level 3.1 Spellcasting
 + Level 3.7 Hexes
 + Level 1.6 Ice Magic


You had 6 spell levels left.
You knew the following spells:

 Your Spells              Type           Power      Damage    Failure   Level
a - Ensorcelled Hibernat  Hex/Ice        22%        N/A       10%         2
b - Confusing Touch       Hex            14%        N/A       12%         3

Your spell library contained the following spells:

 Spells                   Type           Power      Damage    Failure   Level
 Tukima's Dance           Hex            14%        N/A       12%         3
 Magic Dart               Conj           8%         1d3       19%         1
 Pain                     Necr           8%         1d4       19%         1
 Sandblast                Erth           4%         2d4       19%         1
 Dazzling Flash           Conj/Hex       16%        N/A       26%         3
 Call Imp                 Summ           2%         N/A       28%         2
 Passwall                 Tmut/Erth      1%         N/A       28%         2
 Mephitic Cloud           Conj/Pois/Air  2%         N/A       50%         3
 Stone Arrow              Conj/Erth      4%         3d7       50%         3
 Iskenderun's Mystic Bla  Conj/Tloc      2%         2d3       88%         4
 Agony                    Necr           2%         N/A       99%         5
 Excruciating Wounds      Necr           1%         N/A       99%         5
 Starburst                Conj/Fire      1%         6d3       100%        6


Dungeon Overview and Level Annotations

Branches:
Dungeon (4/15)
 Temple: D:4-7

Altars:

Annotations:
D:4 Edmund


Innate Abilities, Weirdness & Mutations

You are small and have problems with some larger weapons.
You are completely attuned to the shadows.


Message History

A giant cockroach comes into view.
A giant cockroach is nearby!
A giant cockroach is nearby!
There is a fountain of clear blue water here.
Found a robe.
The helpless giant cockroach fails to defend itself.
You impale the giant cockroach!!
You kill the giant cockroach!
No target in view!
No target in view!
(D) Dungeon
Where to? (Enter - D:4, ? - help)
Okay, then.
You now have 101 gold pieces (gained 13).
There is a fountain of clear blue water here.
You see here a +0 robe.
You open the large door.
Found a stone staircase leading down.
There is a large open door here.
Found 7 stones.
There is a stone staircase leading down here.
You pick up a book of Geomancy and begin reading...
You add the spells Sandblast, Passwall and Stone Arrow to your library.
Edmund the Younger comes into view.
He is wielding a +2 dire flail of holy wrath.
Edmund shouts!
Edmund says, "I'm quite good with sums, too."
Edmund is nearby!
Edmund is nearby!
You closely miss Edmund.
Edmund hits you with a +2 dire flail of holy wrath!
You closely miss Edmund.
Edmund hits you with a +2 dire flail of holy wrath.
You hit Edmund but do no damage.
Edmund is poisoned.
Edmund hits you with a +2 dire flail of holy wrath!
* * * LOW HITPOINT WARNING * * *
A jackal comes into view.
A jackal comes into view.
A jackal comes into view.
Edmund hits you with a +2 dire flail of holy wrath!
You die...

#.......
##.......
###........
##.#.##.....
#......#....
#.......#..#
##......###
#...@..##
##...@#..
##h.#....
##.#h...
##...h..
##.......
#.......
#.......
#.......
#.......


You could see Edmund (poisoned) and 3 jackals.

Vanquished Creatures
  A necrophage (D:2)
  A bullfrog skeleton (D:4)
  An iguana (D:4)
  An orc wizard (D:3)
  4 adders
  An ufetubus (D:4)
  An adder skeleton (D:4)
  3 worms
  5 dart slugs
  8 orcs (D:3)
  2 ball pythons
  7 endoplasms
  4 giant cockroaches
  5 goblins
  2 hobgoblins
  3 quokkas
  4 bats
  A frilled lizard (D:3)
  6 kobolds
  4 rats
64 creatures vanquished.

Vanquished Creatures (others)
  A fungus (D:2)
  3 plants
4 creatures vanquished.

Grand Total: 68 creatures vanquished

Notes
Turn   | Place    | Note
-------+----------+-------------------------------------------
     0 | D:1      | Hasart the Kobold Enchanter began the quest for the Orb.
     0 | D:1      | Reached XP level 1. HP: 10/10 MP: 3/3
   256 | D:1      | Reached XP level 2. HP: 15/15 MP: 5/5
   282 | D:1      | Learned a level 2 spell: Ensorcelled Hibernation
   993 | D:1      | Reached XP level 3. HP: 19/19 MP: 6/6
  1077 | D:2      | You fall into a shaft and drop 2 floors!
  1081 | D:4      | Reached XP level 4. HP: 24/24 MP: 7/7
  1202 | D:4      | Noticed a necrophage
  1317 | D:3      | Learned a level 3 spell: Confusing Touch
  1610 | D:3      | Identified the +7 rapier "Roowitia" {venom, rC+ Str+4 Int-2
                  | SInv}
  1792 | D:3      | Reached XP level 5. HP: 28/28 MP: 9/9
  2371 | D:2      | Reached skill level 5 in Stealth
  2371 | D:2      | Reached skill level 1 in Ice Magic
  2505 | D:2      | Killed a necrophage
  2506 | D:2      | Reached XP level 6. HP: 23/32 MP: 10/10
  2625 | D:2      | Found a faded altar of an unknown god.
  3156 | D:4      | Noticed Edmund
  3160 | D:4      | HP: 1/32 [Edmund (15)]
  3169 | D:4      | Mangled by Edmund

Illustrated notes

Levels and vault maps discovered:
D:1:      lightli_arrival_isolated_outpost, layout_basic
D:2:      layout_basic, shapermc_ecumenical_altar_gd
D:3:      layout_rooms, lemuel_tele_altar
D:4:      layout_cave_pods, gammafunk_temple_overflow_forgotten,
          minmay_misc_feat_chi, kennysheep_generic_room_6, uniq_edmund

Skill      XL: |  1  2  3  4  5 |
---------------+----------------+-----
Short Blades   | 2 3 4 |  4.5
Dodging        | 3 |  3.7
Stealth        | 5 |  5.3
Ice Magic      | 1 |  1.6
Spellcasting   | 3 |  3.1
Throwing       | |  0.2
Hexes          | |  3.7

Action                   |  1- 3 |  4- 6 || total
-------------------------+-------+-------++-------
Melee: Dagger            |    40 |    10 ||    50
       Punch             |     1 |     3 ||     4
       Rapier            |       |    70 ||    70
 Stab: Sleeping          |    10 |    21 ||    31
       Distracted        |       |     1 ||     1
Armor: Robe              |     4 |     3 ||     7
Dodge: Dodged            |    21 |    36 ||    57

Table legend: (Time is in decaauts)
 A = Elapsed time spent in this place.
 B = Non-inter-level travel time spent in this place.
 C = Inter-level travel time spent in this place.
 D = Time resting spent in this place.
 E = Time spent auto-exploring this place.
 F = Levels seen in this place.
 G = Mean time per level.
                   A        B        C        D        E       F      G
               +--------+--------+--------+--------+--------+-----+--------+
         Total |   3170 |   3129 |     41 |    247 |   2350 |   4 |  792.5 |
       Dungeon |   3170 |   3129 |     41 |    247 |   2350 |   4 |  792.5 |
               +--------+--------+--------+--------+--------+-----+--------+

Top non-repeatable levels by time:
     D:1: 1018 daAuts
     D:3: 987 daAuts
     D:2: 702 daAuts
     D:4: 462 daAuts
